 Dungeon Crawl Stone Soup version 0.30-a0-696-g2367cd04db (webtiles) character file.

Game seed: 11486788590791038071

109 wormed the Firebug (level 4, 0/30 HPs)
             Began as a Demonspawn Fire Elementalist on Jan 21, 2023.
             Slain by an orc wizard
             ... wielding a +0 dagger
              (2 damage)
             ... on level 4 of the Dungeon.
             The game lasted 00:02:38 (2992 turns).

wormed the Firebug (Demonspawn Fire Elementalist)   Turns: 2992, Time: 00:02:39

Health: 0/30       AC:  2    Str:  9    XL:     4   Next: 59%
Magic:  0/9        EV: 12    Int: 18    God:
Gold:   119        SH:  0    Dex: 13    Spells: 6/9 levels left

rFire   . . .      SeeInvis .    i - staff of death
rCold   . . .      Faith    .    (no shield)
rNeg    + . .      Spirit   .    a - +0 robe
rPois   .          Reflect  .    (no helmet)
rElec   .          Harm     .    (no cloak)
rCorr   .          Rampage  .    (no gloves)
Will    .....                    (no boots)
Stlth   ++                       (no amulet)
HPRegen 0.25/turn                (no ring)
MPRegen 0.11/turn                (no ring)

@: no status effects
A: demonic guardian 1, foul stench 1
a: no special abilities


You were on level 4 of the Dungeon.
You visited 1 branch of the dungeon, and saw 4 of its levels.

You collected 119 gold pieces.

Inventory:

Armour
 a - a +0 robe (worn)
Magical Staves
 i - a staff of death (weapon)
Scrolls
 c - a scroll of fog {unknown}
 d - 6 scrolls of identify
 f - a scroll of enchant armour {unknown}
 h - a scroll of summoning {unknown}
 j - 3 scrolls of teleportation
 l - a scroll of enchant weapon {unknown}
 o - 2 scrolls of amnesia
 p - a scroll of blinking {unknown}
Potions
 b - 2 potions of magic
 e - a potion of mutation
 g - 2 potions of berserk rage {unknown}
 k - a potion of brilliance {unknown}
 m - 3 potions of heal wounds {unknown}
 n - a potion of curing {unknown}


   Skills:
 - Level 1.7 Dodging
 - Level 1.7 Stealth
 + Level 3.4 Spellcasting
 - Level 1.0 Conjurations
 + Level 4.0 Fire Magic


You had 6 spell levels left.
You knew the following spells:

 Your Spells              Type           Power      Damage    Failure   Level
a - Foxfire               Conj/Fire      48%        2x1d6     5%          1
b - Scorch                Fire           34%        2d6       4%          2

Your spell library contained the following spells:

 Spells                   Type           Power      Damage    Failure   Level
 Summon Small Mammal      Summ           12%        N/A       16%         1
 Inner Flame              Hex/Fire       10%        N/A       21%         3
 Ensorcelled Hibernation  Hex/Ice        6%         N/A       24%         2
 Passwall                 Tmut/Erth      2%         N/A       24%         2
 Kindle Blastsparks       Fire/Tloc/Air  14%        2d11      26%         3
 Call Canine Familiar     Summ           3%         N/A       43%         3
 Gell's Gravitas          Tloc           3%         N/A       43%         3
 Summon Guardian Golem    Hex/Summ       3%         N/A       43%         3
 Swiftness                Air            3%         N/A       43%         3
 Teleport Other           Tloc           3%         N/A       43%         3
 Flame Wave               Conj/Fire      12%        2d6       50%         4
 Dispersal                Tloc           1%         N/A       100%        6


Dungeon Overview and Level Annotations

Branches:
Dungeon (4/15)
 Temple: D:4-7

Altars:
Dithmenos
Uskayaw


Innate Abilities, Weirdness & Mutations

A weak demonic guardian rushes to your aid.
You may rarely emit foul miasma when damaged in melee.


Message History

Casting: Scorch (safe; 4% risk of failure)
Confirm with . or Enter, or press ? or * to list all spells.
You don't have enough magic to cast this spell.
Casting: Scorch (safe; 4% risk of failure)
Confirm with . or Enter, or press ? or * to list all spells.
You don't have enough magic to cast this spell.
You hit the orc but do no damage.
The orc is almost dead.
The orc hits you with a +0 dagger.
A demonic guardian appears!
The orc hits you from afar with a +0 trident!
You completely miss the orc.
The orc is almost dead.
A hobgoblin comes into view.
The orc barely misses you. The orc misses you.
You swap places.
The orc wizard gestures wildly while chanting.
The orc wizard flickers and vanishes!
Deactivating autopickup; reactivate with Ctrl-A.
The orc barely misses your white imp.
Your white imp hits the orc.
The orc dies!
Something barely misses your white imp.
Your white imp hits the orc wizard but does no damage.
Casting: Scorch (safe; 4% risk of failure)
Confirm with . or Enter, or press ? or * to list all spells.
Flames lash something.
The orc wizard gestures at you while chanting.
Your white imp resists with significant effort.
Something closely misses your white imp.
Your white imp hits the orc wizard but does no damage.
Casting: Scorch (safe; 4% risk of failure)
Confirm with . or Enter, or press ? or * to list all spells.
You don't have enough magic to cast this spell.
You swap places.
The orc wizard hits you with a +0 dagger.
Something hits you.
The orc hits you from afar with a +0 trident!
* * * LOW HITPOINT WARNING * * *
You closely miss the orc wizard. The orc wizard barely misses you.
Something hits you.
You die...

.............# #.
#........## #.
##...##### .. #...# ###
.## #...# .... .. #...#
#....#.######...# #.
#.g{#..).....########
#.oo@5.....###~~~~~~~
.....###......~)~~~~####
... ######.####### #
#..<# #.### ###


You could see an orc wizard (ally target), an orc, a hobgoblin and a friendly
white imp (summoned).

Vanquished Creatures
  A hound (D:4)
  2 adders
  A dart slug (D:2)
  2 orcs (D:3)
  7 ball pythons
  3 bats
  2 endoplasms (D:4)
  5 giant cockroaches
  9 goblins
  2 jackals (D:1)
  7 kobolds
  5 quokkas
  3 frilled lizards
  3 rats
52 creatures vanquished.

Vanquished Creatures (collateral kills)
  An orc (D:4)
1 creature vanquished.

Vanquished Creatures (others)
  53 foxfires (D:1)
53 creatures vanquished.

Grand Total: 106 creatures vanquished

Notes
Turn   | Place    | Note
-------+----------+-------------------------------------------
     0 | D:1      | wormed the Demonspawn Fire Elementalist began the quest for
                  | the Orb.
     0 | D:1      | Reached XP level 1. HP: 13/13 MP: 3/3
   323 | D:1      | Reached skill level 3 in Fire Magic
   332 | D:1      | Gained mutation: You may rarely emit foul miasma when
                  | damaged in melee. [demonic ancestry]
   332 | D:1      | Reached XP level 2. HP: 19/19 MP: 0/5
  1083 | D:1      | Learned a level 2 spell: Scorch
  1320 | D:2      | Gained mutation: A weak demonic guardian rushes to your
                  | aid. [demonic ancestry]
  1320 | D:2      | Reached XP level 3. HP: 24/24 MP: 4/7
  2347 | D:3      | Reached XP level 4. HP: 22/30 MP: 2/8
  2699 | D:4      | Found a shadowy altar of Dithmenos.
  2929 | D:4      | Found a hide-covered altar of Uskayaw.
  2985 | D:4      | Reached skill level 4 in Fire Magic
  2992 | D:4      | Slain by an orc wizard

Illustrated notes

Levels and vault maps discovered:
D:1:      dpeg_arrival_signposts, layout_basic
D:2:      layout_basic
D:3:      layout_rooms
D:4:      layout_loops_cross, mainiacjoe_overflow_catwalk_spiral,
          chequers_serial_rivers_large_b, kennysheep_small_circle

Skill      XL: |  1  2  3  4 |
---------------+-------------+-----
Fire Magic     | 3 4 |  4.0
Spellcasting   | 3 |  3.4
Dodging        | |  1.7
Stealth        | |  1.7
Conjurations   | |  1.0

Action                   |  1- 3 |  4- 6 || total
-------------------------+-------+-------++-------
Melee: Unarmed           |     2 |       ||     2
       Staff             |     6 |     4 ||    10
       Punch             |       |     1 ||     1
 Cast: Foxfire           |    31 |       ||    31
       Scorch            |    30 |    13 ||    43
  Use: Scroll            |     6 |       ||     6
Armor: Robe              |     3 |       ||     3
Dodge: Dodged            |    11 |    12 ||    23

Table legend: (Time is in decaauts)
 A = Elapsed time spent in this place.
 B = Non-inter-level travel time spent in this place.
 C = Inter-level travel time spent in this place.
 D = Time resting spent in this place.
 E = Time spent auto-exploring this place.
 F = Levels seen in this place.
 G = Mean time per level.
                   A        B        C        D        E       F      G
               +--------+--------+--------+--------+--------+-----+--------+
         Total |   2996 |   2886 |    110 |      0 |   2560 |   4 |  749.0 |
       Dungeon |   2996 |   2886 |    110 |      0 |   2560 |   4 |  749.0 |
               +--------+--------+--------+--------+--------+-----+--------+

Top non-repeatable levels by time:
     D:2: 1084 daAuts
     D:1: 1083 daAuts
     D:3: 530 daAuts
     D:4: 297 daAuts
